[Event "*** Titled Tuesday Blitz"]
[Site "Chess.com"]
[Date "2021.03.09"]
[Round "5"]
[White "Zhigalko_Sergei"]
[Black "AlexeiShirov"]
[Result "1-0"]
[WhiteElo "2945"]
[BlackElo "2842"]
[TimeControl "180+1"]
[EndTime "11:00:12 PST"]
[Termination "Zhigalko_Sergei won on time"]

1. e4 e5 2. Nf3 Nc6 3. Bc4 Nf6 4.
d3 h6 5. O-O d6 6. c3 g5 7.
Nbd2 g4 8. Ne1 h5 9. Nc2 Bh6 10. Bb3 Be6 11. Nc4 Qe7 12. Bxh6 Rxh6 13. d4 Bxc4 14.
Bxc4 O-O-O 15. Ne3 Rg6 16. d5 Nb8 17. Nf5 Qd7 18. Bd3 h4 19. a4 Rh8 20. a5 a6 21.
Ra4 Nh5 22. Re1 g3 23. fxg3 hxg3 24. h3 Nf4 25. Bf1 Qe8 26. Rc4 Nd7 27. Re3 Kb8 28. Qb3 Nc5 29. Qd1 Qg8 30. Ne7 Qg7 31. Nxg6 Qxg6 32.
Qf3 Rg8 33. b4 Na4 34. b5 axb5 35. Rb4 c6 36. dxc6 bxc6 37. c4 c5 38. Rxb5+ Ka7 39. Reb3 Ka6 40. Ra3 Ne6 41. Rxa4 Nd4 42. Rb6+ Ka7 43.
Qe3 Qf6 44. Ra1 Rg6 45. Rab1 Qh4 46. Rb7+ Ka8 47. Rb8+ Ka7 48. R1b7+ Ka6 49. Rb6+ Ka7 50. R8b7+ Ka8 51. a6 Rg8 52. Rb1 Qf4 53. Qxf4 exf4 54. R7b3 Nxb3 55. Rxb3 Re8 56. Bd3 f5 57. exf5 Re1+ 58.
Bf1 Re5 59. f6 Rf5 60. f7 Rxf7 61. Rb7 Rxb7 62. axb7+ Kxb7 63. Be2 Kc7 64. Bf3 Kd7 65. Kf1 Ke6 66. Ke2 Ke5 67. Bd5 1-0

[Event "*** Titled Tuesday Blitz"]
[Site "Chess.com"]
[Date "2021.03.09"]
[Round "5"]
[White "Treacherous_horse64"]
[Black "Kurkusha"]
[Result "0-1"]
[WhiteElo "2521"]
[BlackElo "2363"]
[TimeControl "180+1"]
[EndTime "11:00:12 PST"]
[Termination "Kurkusha won by checkmate"]

1. d4 d5 2. c4 e6 3. Nc3 Nf6 4. Nf3 dxc4 5. e3 a6 6. Bxc4 b5 7. Bd3 Bb7 8. O-O c5 9. a4 c4 10. Be2 b4 11. Nb1 Bd5 12. Nbd2 c3 13. bxc3 bxc3 14.
Nc4 Bb4 15. Ba3 a5 16. Ne1 Nc6 17. Nc2 O-O 18. Ne5 Qe7 19. Qb1 Rab8 20. Bb5 Bxa3 21.
Rxa3 Nb4 22. Rxc3 Be4 23. f3 Bxc2 24. Rxc2 Nxc2 25. Nc6 Qd6 26. Nxb8 Nxe3 27. Re1 Rxb8 28. Rxe3 Qxd4 29. Qd3 Qa1+ 30. Kf2 Nd5 31. Re4 Qb2+ 32. Kg3 h6 33. Rg4 Qe5+ 34. Kf2 Nf4 35. Qe4 Qxe4 36. fxe4 Ng6 37. Rg3 Rc8 38. Rd3 Rc2+ 39. Kf3 Ne5+ 40. Ke3 Nxd3 41. Kxd3 Rxg2 42. Kd4 Rxh2 43. Kc5 Re2 44.
Kb6 Rxe4 45. Kxa5 h5 46. Kb6 Rxa4 47. Bxa4 g5 48. Kc5 Kg7 49. Kd4 g4 50. Bd1 Kg6 51. Ke5 Kg5 52. Ke4 h4 53. Ke3 f5 54. Kf2 e5 55. Bc2 e4 56. Bb1 Kf4 57. Kg2 e3 58. Kf1 h3 59. Ke2 h2 60. Be4 fxe4 61. Ke1 h1=Q+ 62.
Ke2 Qg2+ 63. Ke1 Qd2+ 64. Kf1 Qf2# 0-1

[Event "*** Titled Tuesday Blitz"]
[Site "Chess.com"]
[Date "2021.03.09"]
[Round "5"]
[White "chessdiamant"]
[Black "guillembaches"]
[Result "0-1"]
[WhiteElo "2291"]
[BlackElo "2464"]
[TimeControl "180+1"]
[EndTime "11:00:12 PST"]
[Termination "guillembaches won by resignation"]

1. d4 Nf6 2. c4 e6 3. g3 d5 4. Nf3 Be7 5. Bg2 O-O 6. O-O dxc4 7. Qc2 a6 8. a4 Bd7 9. Qxc4 Bc6 10. Nc3 Nbd7 11. Bf4 Nb6 12. Qd3 Nbd5 13. Nxd5 Nxd5 14. Bd2 a5 15. Ne5 Be8 16. e4 Nb4 17. Qc4 c6 18. Rac1 b5 19. axb5 cxb5 20. Qc7 Bd6 21. Qxd8 Rxd8 22.
Be3 f6 23. Nf3 Bc6 24. Nd2 Bb8 25. Nb3 a4 26. Nc5 Kf7 27. Rfd1 Rfe8 28. f4 Ba8 29. Kf2 Re7 30. h4 Ba7 31. h5 g6 32.
hxg6+ hxg6 33. Rd2 Rc7 34. Bh3 Bxc5 35. Rxc5 Rxc5 36.
dxc5 Rxd2+ 37. Bxd2 Nd3+ 38. Ke3 Nxc5 39. e5 f5 40. Bb4 Ne4 41. Kd4 Nxg3 42. Kc5 Ne2 43.
Bd2 Bb7 44. Bf1 Ng3 45. Bxb5 Ne4+ 46. Kb6 Nxd2 47. Kxb7 g5 48. fxg5 f4 49. Bxa4 Nc4 50. b4 Nxe5 51. Bb5 f3 52. Bf1 Kg6 53. b5 Kxg5 54. Kc7 Ng4 55. b6 Ne3 56. Bd3 Nd5+ 57. Kc6 Nxb6 58. Kxb6 Kf4 59. Kc6 e5 60. Kd5 Ke3 61. Ba6 e4 62. Ke5 f2 63. Kf5 Kf3 64.
Ke5 e3 65. Bb7+ Ke2 66. Ba6+ Kd2 67. Kf4 e2 68. Kg3 e1=Q 69. Kh2 f1=Q 0-1

[Event "*** Titled Tuesday Blitz"]
[Site "Chess.com"]
[Date "2021.03.09"]
[Round "5"]
[White "Fandorin779"]
[Black "Kobalia"]
[Result "0-1"]
[WhiteElo "2523"]
[BlackElo "2717"]
[TimeControl "180+1"]
[EndTime "11:00:14 PST"]
[Termination "Kobalia won on time"]

1. c4 Nf6 2. b3 e5 3. Bb2 Nc6 4. Nc3 Bb4 5. g3 O-O 6. Bg2 Bxc3 7. Bxc3 d5 8. cxd5 Nxd5 9. Nf3 e4 10. Nd4 e3 11. fxe3 Nxc3 12. dxc3 Qg5 13. Nxc6 bxc6 14.
Qd4 Be6 15. O-O Rad8 16. Qf4 Qc5 17. c4 Rd2 18. Rfd1 Rxe2 19. Qd4 Qh5 20. Qh4 Qxh4 21. gxh4 c5 22. Rd3 a5 23. Bf3 Rb2 24. Bd5 Bf5 25. e4 Bg6 26. Rg3 Re8 27. Rf1 Re7 28. Rg5 Bxe4 29.
Bxe4 Rxe4 30. Rf2 Re1+ 31. Kg2 Ree2 32. Rxe2 Rxe2+ 33. Kg3 Rxa2 34. Rxc5 Rb2 35. Rxa5 Rxb3+ 36. Kg4 g6 37. Rc5 Rb7 38. h5 Kg7 39. hxg6 hxg6 40. h4 Kf6 41. h5 gxh5+ 42. Rxh5 Ke7 43. Rd5 Rb4 44. Rc5 Kd6 45. Rd5+ Kc6 46. Rf5 Rxc4+ 47. Kf3 Rd4 48. Rxf7 Kb6 49. Ke3 Rd6 50. Rf4 c5 51. Rf8 Kb5 52. Rb8+ Kc4 53. Rc8 Kb4 54. Rb8+ Kc3 55.
Rc8 c4 56. Rc7 Kb3 57. Rb7+ Kc2 58. Rc7 c3 59. Rc8 Kb2 60. Rb8+ Kc1 61. Rc8 c2 62. Rc7 Re6+ 63. Kd3 Kd1 64. Rh7 c1=Q 65. Rh1+ Re1 0-1

[Event "*** Titled Tuesday Blitz"]
[Site "Chess.com"]
[Date "2021.03.09"]
[Round "5"]
[White "BashirliSaadat"]
[Black "CakeinSpace2002"]
[Result "0-1"]
[WhiteElo "2181"]
[BlackElo "2410"]
[TimeControl "180+1"]
[EndTime "11:00:16 PST"]
[Termination "CakeinSpace2002 won by resignation"]

1. e4 d6 2. d4 g6 3. Nc3 Bg7 4. Be2 c6 5. h4 h5 6. Nf3 b5 7. a3 Nf6 8. O-O Nbd7 9. e5 dxe5 10. dxe5 Ng4 11. e6 fxe6 12. Bd3 Nde5 13. Nxe5 Nxe5 14. f4 Nxd3 15. cxd3 O-O 16. Qf3 Bd7 17. Ne4 e5 18.
Qg3 Bf5 19. fxe5 Qd4+ 20. Qe3 Bxe5 21. Rb1 Qxe3+ 22. Bxe3 Rad8 23. Rfd1 a6 24. b3 Be6 25. Nc5 Bd5 26. d4 Bf6 27. g3 e5 28. dxe5 Bxe5 29.
Bg5 Rde8 30. Nd7 Rf3 31. Nxe5 Rxe5 32. Bf4 Ree3 33. Bxe3 Rxe3 34. Kf2 Rf3+ 35. Kg2 Re3+ 36. Kh3 Rc3 37. Re1 Rc2 38. Rg1 Be6+ 39. g4 Bxg4+ 40. Kg3 Kg7 41. Kf4 Rf2+ 42. Ke5 c5 43. Kd5 Rf5+ 44.
Kc6 c4 45. bxc4 bxc4 46. Rb7+ Kh6 47. Kb6 c3 48. Rc7 Rb5+ 49. Kxa6 Rb3 50. a4 Ra3 51. a5 Bf5 52. Kb6 c2 53. Rc1 Rb3+ 54. Ka6 Rb1 55.
R1xc2 Bxc2 56. Rxc2 Rb4 57. Rc6 Rxh4 58. Kb7 Ra4 59. a6 h4 60. a7 Rxa7+ 61. Kxa7 Kg5 62. Rc1 h3 63. Kb6 Kh4 64. Kc5 h2 65. Kd5 g5 66. Ke5 g4 67. Kf4 g3 68. Kf3 Kh3 69. Rc6 h1=Q+ 70. Kf4 Qxc6 71. Kg5 Qc1+ 0-1

[Event "*** Titled Tuesday Blitz"]
[Site "Chess.com"]
[Date "2021.03.09"]
[Round "5"]
[White "PavelShkapenko"]
[Black "dropstoneDP"]
[Result "1-0"]
[WhiteElo "2715"]
[BlackElo "2891"]
[TimeControl "180+1"]
[EndTime "11:00:17 PST"]
[Termination "PavelShkapenko won by resignation"]

1. e4 e5 2. Nf3 Nc6 3. Bc4 d6 4. d4 Nf6 5. dxe5 dxe5 6. Qxd8+ Nxd8 7. Nxe5 Nxe4 8. O-O Be6 9. Bxe6 Nxe6 10. Re1 Nd6 11. Nc3 Be7 12. Nd5 Bd8 13. Bd2 O-O 14. Bb4 Re8 15.
Bxd6 cxd6 16. Nc4 Be7 17. Nxe7+ Rxe7 18. Nxd6 Rd8 19. Nf5 Red7 20. Ne3 g6 21. Rad1 Kg7 22. Rxd7 Rxd7 23. Rd1 Rc7 24. c3 h5 25. h4 b5 26. Rd5 Nc5 27. Kf1 a6 28. Ke2 Na4 29.
Rd2 Re7 30. Kd1 Re4 31. g3 f5 32.
Nd5 Kf7 33. Kc2 Nc5 34. Nf4 Ne6 35. Re2 Rxe2+ 36. Nxe2 Nc5 37. f3 g5 38. hxg5 Kg6 39.
Kd2 Kxg5 40. Ke3 Ne6 41. b3 a5 42. c4 bxc4 43. bxc4 a4 44. a3 Kf6 45. Nf4 Ng7 46.
Kd4 Kg5 47. Ke5 h4 48. gxh4+ Kxh4 49. c5 Kg3 50. c6 Ne8 51. Kxf5 Kxf3 52. Nd5 Ke2 53.
Ke6 Kd3 54. Ke7 Ng7 55. c7 Nf5+ 56. Kd7 Nd4 57. c8=Q Nb5 58. Qc6 Nd4 59. Qxa4 Ne2 60. Qb5+ Kd2 61. a4 Nd4 62. Qb4+ Kd3 63. a5 Nc2 64.
Qb5+ Kd4 65. a6 Na3 66. Qa4+ Nc4 67. Qxc4+ Kxc4 68. a7 1-0

[Event "*** Titled Tuesday Blitz"]
[Site "Chess.com"]
[Date "2021.03.09"]
[Round "5"]
[White "J36225"]
[Black "azikom"]
[Result "0-1"]
[WhiteElo "2492"]
[BlackElo "2640"]
[TimeControl "180+1"]
[EndTime "11:00:21 PST"]
[Termination "azikom won by checkmate"]

1. e4 e5 2. Nf3 Nc6 3. Bb5 Nge7 4. O-O a6 5. Ba4 d6 6. c3 Bd7 7. d4 Ng6 8. Bg5 Be7 9. Bxe7 Qxe7 10. dxe5 dxe5 11.
Nbd2 O-O 12. Bb3 Qf6 13. h3 Rad8 14. Nh2 Bxh3 15. gxh3 Qg5+ 16. Qg4 Qxd2 17. Nf3 Qf4 18. Rad1 Qxg4+ 19. hxg4 h6 20. Bd5 Nge7 21. Bxc6 Nxc6 22.
Rd5 f6 23. Rfd1 Kf7 24. Nh4 Rxd5 25. exd5 Ne7 26. c4 h5 27. gxh5 Rh8 28. Ng6 Nxg6 29. hxg6+ Kxg6 30. d6 cxd6 31. Rxd6 Rc8 32. b3 Rc7 33. a4 Kf5 34. f3 Kf4 35. Kf2 Rf7 36. Rb6 Rd7 37. Rb4 f5 38. Ke2 g5 39. c5+ e4 40. fxe4 fxe4 41. Rb6 g4 42. c6 bxc6 43. Rxc6 a5 44. Rf6+ Ke5 45. Rh6 Rd3 46. Rh5+ Kf4 47. Rxa5 Rxb3 48. Ra8 Rb2+ 49. Kf1 Ra2 50. a5 Kf3 51. Rf8+ Ke3 52. Ra8 g3 53. a6 g2+ 54.
Kg1 Kf3 55. Rf8+ Kg3 56. Rg8+ Kf4 57. Rf8+ Ke3 58. Ra8 Kd3 59. a7 Ke3 60. Kh2 Ke2 61. Re8 Rxa7 62. Rxe4+ Kf3 63. Rh4 Ra1 64. Rh3+ Kf2 65.
Rg3 Rh1# 0-1

[Event "*** Titled Tuesday Blitz"]
[Site "Chess.com"]
[Date "2021.03.09"]
[Round "5"]
[White "kuba2006"]
[Black "crazy_but_lazy"]
[Result "0-1"]
[WhiteElo "2339"]
[BlackElo "2510"]
[TimeControl "180+1"]
[EndTime "11:00:22 PST"]
[Termination "crazy_but_lazy won by checkmate"]

1. b3 e5 2. Bb2 d6 3. e3 Nc6 4. Bb5 g6 5. Nf3 Bg7 6. O-O Ne7 7. d4 exd4 8. Bxd4 O-O 9. Bxg7 Kxg7 10. Be2 Be6 11.
c4 Nf5 12. Nc3 Qf6 13. Nd5 Bxd5 14. Qxd5 Rae8 15. Rad1 Qe6 16. Qxe6 Rxe6 17. Nd2 Rfe8 18. Bf3 Nh4 19. Bd5 Re5 20. Nf3 Nxf3+ 21. Bxf3 h5 22.
Rd2 a5 23. Rfd1 Nd8 24. a3 f5 25.
g3 b6 26. b4 R8e7 27. Rd5 axb4 28. axb4 Nc6 29. b5 Na5 30. Rxe5 Rxe5 31. Bd5 Nb3 32.
Kg2 Nc5 33. Ra1 Re7 34. Ra8 Nd3 35. Rg8+ Kf6 36. Rf8+ Kg7 37. Rg8+ Kh7 38. Rc8 Nb4 39.
Kf3 Kg7 40. h3 Kf6 41. Kf4 Nxd5+ 42. cxd5 g5+ 43. Kf3 Re5 44. Rxc7 Rxd5 45. Rc6 Rxb5 46. Rxd6+ Ke5 47. Rh6 g4+ 48. Kg2 Rb1 49. Rxh5 gxh3+ 50. Rxh3 Ke4 51. Rh8 b5 52. Re8+ Kd5 53. Kf3 b4 54. Kf4 b3 55. Kxf5 Rf1 56. f4 b2 57. Rd8+ Kc6 58. g4 b1=Q+ 59. Kf6 Qe4 60. f5 Rh1 61.
g5 Rf1 62. Rc8+ Kd7 63. Rc5 Qxe3 64. Re5 Qd4 65. g6 Re1 66. g7 Qxe5+ 67. Kf7 Qe7+ 68. Kg8 Rg1 69. f6 Qxf6 70. Kh7 Qxg7# 0-1

[Event "*** Titled Tuesday Blitz"]
[Site "Chess.com"]
[Date "2021.03.09"]
[Round "5"]
[White "Natalya_Buksa"]
[Black "GMKrikor"]
[Result "1-0"]
[WhiteElo "2541"]
[BlackElo "2705"]
[TimeControl "180+1"]
[EndTime "11:00:25 PST"]
[Termination "Natalya_Buksa won by resignation"]

1. e4 c5 2. c3 d5 3. exd5 Qxd5 4. d4 g6 5. Nf3 Bg7 6. Nbd2 cxd4 7. Bc4 Qd8 8. Nb3 Nf6 9. Nbxd4 O-O 10. O-O a6 11. Re1 Nbd7 12. Bf4 Nb6 13. Bb3 Nfd5 14. Bg3 Kh8 15. h3 Nc7 16. Ng5 e6 17. Ne4 e5 18.
Nf3 f6 19. Nd6 Qe7 20. Nf7+ Rxf7 21. Bxf7 Qxf7 22. Qd8+ Bf8 23. Nxe5 fxe5 24. Bxe5+ Kg8 25. Qxc7 Qxc7 26. Bxc7 Nd5 27. Bg3 Kf7 28. Rad1 Be6 29. Re4 b5 30. a4 Rc8 31. axb5 axb5 32. Ra1 Bc5 33. Ra6 Bf5 34. Re2 Rd8 35. Rd2 Rd7 36. Kh2 Be6 37. Ra5 b4 38. Rxc5 bxc3 39. bxc3 Nf6 40. Rxd7+ Nxd7 41. Rc7 Ke7 42. f3 Kd8 43.
Kg1 h5 44. Kf2 h4 45. Bh2 Ke8 46. Rc6 Kf7 47. Ra6 Nf6 48. Ra7+ Ke8 49. Bf4 Nd5 50. Bg5 Bd7 51. c4 Nb6 52. c5 Nc8 53. Ra8 Kf7 54. Bxh4 Ke6 55. Bg3 Kd5 56. Bd6 Kc6 57. Ra4 Kd5 58. Rf4 Be6 59. g4 Na7 60. Rf6 g5 61.
Rg6 Nc6 62. Rxg5+ Kc4 63. Kg3 Bd5 64. h4 Nd4 65. h5 Ne2+ 66. Kf2 Nd4 67. Rf5 Nxf5 68.
gxf5 Bg8 69. Kg3 Kd5 70. Kf4 Bh7 71. Kg5 Bg8 72. Kg6 Kc6 73. f6 1-0

[Event "*** Titled Tuesday Blitz"]
[Site "Chess.com"]
[Date "2021.03.09"]
[Round "5"]
[White "Caracternin123"]
[Black "Barbix1"]
[Result "1-0"]
[WhiteElo "2584"]
[BlackElo "2420"]
[TimeControl "180+1"]
[EndTime "11:00:39 PST"]
[Termination "Caracternin123 won by checkmate"]

1. e4 e5 2. Nf3 Nc6 3. d4 exd4 4. Bc4 Bc5 5. c3 Nf6 6. b4 Bb6 7. e5 d5 8. exf6 dxc4 9. fxg7 Rg8 10. O-O Rxg7 11.
b5 Na5 12. Nxd4 Bxd4 13. cxd4 Qd5 14. f3 Bh3 15. Qe1+ Kd7 16. Nc3 Rxg2+ 17. Kh1 Qd6 18. Qe5 Qxe5 19. dxe5 Rc2 20. Rd1+ Ke6 21. Ne4 Bg2+ 22.
Kg1 Rg8 23. Ng3 Bxf3 24. Rd2 Rxd2 25. Bxd2 b6 26. Rf1 Bd5 27. Bc3 h5 28. Rf6+ Ke7 29. Kf2 h4 30. Nf5+ Ke8 31. Nxh4 Nb7 32. Rh6 Nc5 33. Bd4 Ne6 34. Be3 c3 35. Ke2 Bc4+ 36.
Kd1 Bxb5 37. Kc2 Bc4 38. a3 a5 39. Kxc3 b5 40. Nf5 Bd5 41. h4 Rg4 42. h5 Rc4+ 43.
Kd2 Be4 44. Ng3 Bb1 45. Rh8+ Ke7 46. h6 b4 47. axb4 axb4 48. Ne2 b3 49. h7 Bxh7 50. Rxh7 b2 51. Rh1 Kd7 52. Rb1 Kc6 53. Rxb2 Kd5 54. Kd3 Ra4 55. Rb5+ c5 56. Nc3+ Kc6 57. Nxa4 Kxb5 58.
Nc3+ Kc6 59. Ke4 Kd7 60. Kd5 Nf8 61. Bxc5 Ng6 62. Ke4 Nxe5 63. Kxe5 Kc6 64. Be7 f5 65. Kxf5 Kd7 66. Kf6 Kc6 67. Ke6 Kb6 68. Kd5 Kc7 69.
Bd6+ Kd7 70. Ne4 Kd8 71. Ke6 Kc8 72. Nc5 Kd8 73. Be7+ Kc8 74. Kd6 Kb8 75. Kc6 Ka7 76. Bd8 Kb8 77. Ne6 Ka8 78. Nc7+ Ka7 79. Be7 Kb8 80.
Bc5 Kc8 81. Ba7 Kd8 82. Nd5 Ke8 83. Kd6 Kf7 84. Ne7 Kf6 85. Be3 Kf7 86. Bd4 Ke8 87.
Ke6 Kd8 88. Bb6+ Ke8 89. Bc7 Kf8 90. Nf5 Kg8 91. Kf6 Kf8 92. Ng7 Kg8 93. Kg6 Kf8 94.
Bd6+ Kg8 95. Nf5 Kh8 96. Bc5 Kg8 97. Nh6+ Kh8 98. Bd4# 1-0

[Event "*** Titled Tuesday Blitz"]
[Site "Chess.com"]
[Date "2021.03.09"]
[Round "5"]
[White "Kretov_Evgenij"]
[Black "Chesswizard_2007"]
[Result "1/2-1/2"]
[WhiteElo "2529"]
[BlackElo "2690"]
[TimeControl "180+1"]
[EndTime "11:00:43 PST"]
[Termination "Game drawn by agreement"]

1. d4 b6 2. c4 Bb7 3. Nc3 d6 4.
Qc2 Nd7 5. e4 e6 6. Be3 Be7 7.
Nf3 Ngf6 8. h3 h6 9. Bd3 Nf8 10.
O-O-O N6h7 11. Kb1 Ng5 12. Nd2 f6 13. f4 Nf7 14. Nf3 Qd7 15. d5 e5 16. c5 bxc5 17.
Bb5 c6 18. dxc6 Bxc6 19. Bxc6 Qxc6 20. Nd5 Ne6 21. Nxe7 Kxe7 22. Nh4 Rhd8 23. Ng6+ Ke8 24. fxe5 Nxe5 25. Nxe5 dxe5 26. Qc4 Rxd1+ 27. Rxd1 Rd8 28. Rd5 h5 29. Bxc5 Rxd5 30. exd5 Qxc5 31. Qa4+ Ke7 32. dxe6 Qg1+ 33. Kc2 Qxg2+ 34. Kc1 Qf1+ 35. Kd2 Qf2+ 36. Kc1 Qc5+ 37. Kb1 Qg1+ 38. Kc2 Qg2+ 39. Kb1 Qh1+ 40. Kc2 Qb7 41. Kb1 Kxe6 42. Qe8+ Kd6 43. Qxh5 Qe4+ 44.
Kc1 Qe1+ 45. Kc2 Qe4+ 46. Kc1 Qc4+ 47. Kb1 Qd3+ 48. Kc1 e4 49. Qe8 Qe3+ 50. Kd1 Qd3+ 51. Ke1 Qb1+ 52. Ke2 Qxb2+ 53. Ke3 Qc3+ 54. Kf2 Qf3+ 55.
Ke1 Qe3+ 56. Kd1 Qd4+ 57. Ke1 Qa1+ 58. Ke2 Qxa2+ 59. Ke3 Qb3+ 60. Ke2 Qd3+ 61. Ke1 Qe3+ 62. Kd1 Qd3+ 63. Ke1 a6 64. Qd8+ Ke5 65. Qc7+ Kf5 66.
Qxg7 Qe3+ 67. Kd1 Qf3+ 68. Ke1 Qf4 69. Qd7+ Ke5 70. Qc7+ Kf5 71. Qd7+ Kg5 72. Qg7+ Kh5 73.
Qh7+ Qh6 74. Qxe4 Qc1+ 75. Ke2 Qb2+ 76. Kf1 Qc1+ 77. Ke2 Qg5 78. Qf3+ Kg6 79. Qe4+ Kg7 80. Qb7+ Kh6 81. Qxa6 Qg2+ 82. Ke1 Qe4+ 83. Kf2 Qf4+ 84.
Kg2 Kg5 85. Qb5+ f5 86. Qe2 Qh4 87. Qe7+ Kh5 88. Qxh4+ 1/2-1/2

[Event "*** Titled Tuesday Blitz"]
[Site "Chess.com"]
[Date "2021.03.09"]
[Round "5"]
[White "frederiksvane"]
[Black "Oglob71"]
[Result "1-0"]
[WhiteElo "2656"]
[BlackElo "2397"]
[TimeControl "180+1"]
[EndTime "11:00:46 PST"]
[Termination "frederiksvane won on time"]

1. e4 c5 2. Nf3 e6 3. d4 cxd4 4. Nxd4 a6 5. c4 Qc7 6. Nc3 Nf6 7. Be2 b6 8. O-O Bb7 9. f3 Bc5 10. Kh1 Nc6 11. Nb3 O-O 12. Bg5 Be7 13. Qd2 d6 14.
Rac1 Ne5 15. Be3 Rac8 16. Na4 Ned7 17. Nd4 Rfe8 18. b4 Qb8 19. Nb3 Bd8 20. c5 b5 21. Nb2 dxc5 22. bxc5 Ne5 23. Qe1 Nc6 24. a4 bxa4 25. Nxa4 Bc7 26. Bg1 Nh5 27. Rb1 Nf4 28.
Nd2 Nxe2 29. Qxe2 Rcd8 30. Nc4 e5 31. Rfc1 Qc8 32. Nab6 Qe6 33. Nd5 Qc8 34. Ncb6 Bxb6 35. cxb6 Qd7 36. Rc5 Rc8 37. Rbc1 h6 38. Qb2 Kh7 39.
Nc7 Red8 40. Rd5 Qe7 41. Rcd1 Nd4 42. Rxd8 Rxd8 43. Bxd4 exd4 44. Kg1 Qc5 45. Rd3 Qc4 46. Qd2 a5 47. Kf2 Ba6 48. Ra3 a4 49. Nd5 d3 50. Kg3 Qd4 51. Rc3 Qe5+ 52. Kf2 Bb7 53. Rxd3 Bxd5 54. Rxd5 Rxd5 55. exd5 Qd6 56. Qb2 a3 57.
Qb1+ g6 58. b7 a2 59. Qxa2 Qb6+ 60. Kf1 Qxb7 61. h3 Qc7 62. Qd2 Qd6 63. Qd4 h5 64. h4 Kg8 65. Kf2 Kf8 66. Qe4 Kg7 67.
Ke3 Qc5+ 68. Qd4+ Qxd4+ 69. Kxd4 Kf6 70. Ke4 Ke7 71. g4 hxg4 72. fxg4 f6 73. Kf4 Kd6 74.
h5 gxh5 75. gxh5 Kxd5 76. h6 Ke6 77. h7 Kf7 78. h8=Q Kg6 79. Qh4 1-0

[Event "*** Titled Tuesday Blitz"]
[Site "Chess.com"]
[Date "2021.03.09"]
[Round "5"]
[White "kubal123"]
[Black "Maddie"]
[Result "1/2-1/2"]
[WhiteElo "2263"]
[BlackElo "2074"]
[TimeControl "180+1"]
[EndTime "11:00:54 PST"]
[Termination "Game drawn - insufficient material"]

1. d4 d5 2. Bf4 Nf6 3. e3 Bf5 4. c4 e6 5. Nc3 Bb4 6. Nf3 O-O 7. Qb3 Nc6 8. cxd5 Nxd5 9. Rc1 Na5 10. Qa4 c6 11. Be2 b5 12. Qd1 Nb7 13. O-O Nxc3 14. bxc3 Bd6 15. Bxd6 Qxd6 16. Ne5 Bg6 17. Bf3 Rac8 18.
c4 Na5 19. Qd2 Nxc4 20. Nxc4 bxc4 21. Rxc4 c5 22. Rfc1 Rb8 23. Rxc5 h6 24. h3 Rb6 25. Rc7 Rfb8 26. Rxa7 Rb1 27. Ra8 Rxc1+ 28. Qxc1 Rxa8 29. Bxa8 Qa6 30. Bf3 Qxa2 31. Qc8+ Kh7 32. h4 Qb1+ 33. Kh2 Qf5 34. Qc5 Qf6 35. h5 Bf5 36. g3 Qg5 37.
Kg2 Qf6 38. Qd6 Qg5 39. Qf4 Qxf4 40. gxf4 Kg8 41. e4 Bh7 42. Kf1 Kf8 43. Ke2 Ke7 44. Kd3 Kd6 45. Kc4 f6 46. e5+ fxe5 47. fxe5+ Ke7 48. Bg4 Be4 49. Kc5 Bd5 50. f4 Be4 51. Kb6 Kd7 52. Kc5 Ke7 53. Bd1 Kd7 54. Ba4+ Ke7 55.
Bd1 Bf5 56. Bf3 Bc2 57. d5 exd5 58. Kxd5 Ba4 59. Be4 Bb3+ 60. Kd4 Bf7 61. Bf3 Be6 62. Ke4 Bc8 63. f5 Bb7+ 64. Kf4 Bc8 65. Bg4 Kf7 66. e6+ Kf6 67. Bf3 Ba6 68. Be4 Bf1 69. Bf3 Bd3 70.
Bg4 Bc2 71. Ke3 Bb1 72. Kd4 Ba2 73. Kc5 Ke7 74. Kc6 Bb1 75. Kc7 Be4 76. Kb6 Bd3 77.
Kc5 Be4 78. Kd4 Bb1 79. Ke3 Bc2 80. Kf4 Bb1 81. Ke5 Bc2 82. Bf3 Bb1 83. Bg4 Bd3 84. Bf3 Bb1 85. Be4 Ba2 86. f6+ gxf6+ 87. Kf5 Bxe6+ 88. Kg6 Bg4 89. Kxh6 Bxh5 90. Kxh5 Ke6 91.
Bb1 Ke5 92. Kg6 f5 93. Bxf5 1/2-1/2

[Event "*** Titled Tuesday Blitz"]
[Site "Chess.com"]
[Date "2021.03.09"]
[Round "5"]
[White "Reader777"]
[Black "Deepweb2020"]
[Result "1-0"]
[WhiteElo "2797"]
[BlackElo "2466"]
[TimeControl "180+1"]
[EndTime "11:01:02 PST"]
[Termination "Reader777 won by checkmate"]

1. d4 Nf6 2. c4 e6 3. g3 d5 4. Bg2 Be7 5. Nf3 O-O 6. O-O dxc4 7. Qc2 a6 8. a4 b6 9. Qxc4 Bb7 10. Rd1 b5 11.
Qa2 Nbd7 12. b3 Nb6 13. Ba3 b4 14. Bb2 a5 15. Nbd2 Bd5 16. Rac1 Qc8 17. Nc4 Qb7 18. Ne3 Be4 19. Ne5 Bxg2 20. Nxg2 Nbd5 21. Nc6 Rfe8 22. Qb1 Ra6 23. Nxe7+ Nxe7 24. Rc5 Ne4 25. Rb5 Qa8 26. f3 c6 27. Rh5 Nf6 28. Rc5 Rd8 29. e4 Ra7 30. Ne3 Nd7 31. Rcc1 Nb6 32. Qc2 Rad7 33.
Qc5 Qa7 34. Kg2 Nec8 35. Qxc6 Ne7 36. Qb5 Ng6 37. Rc6 Rb7 38. Qc5 Ne7 39. Rd6 Rc8 40.
Qh5 Rbc7 41. Rd2 Ng6 42. Qb5 Ne7 43. Qe2 Nd7 44. d5 exd5 45. Nxd5 Nxd5 46. R6xd5 Nf8 47. Qf2 Qa8 48. Qd4 Ne6 49. Qe5 Rc2 50. Kh3 Qc6 51.
Rxc2 Qxc2 52. Rd6 Qc7 53. Rxe6 f6 54. Qxc7 Rxc7 55. Ra6 Rc2 56. Bd4 Rd2 57. Bb6 Rd3 58. Bxa5 Rxb3 59. Rb6 Ra3 60. Rxb4 g5 61. Bb6 Kg7 62.
a5 Kg6 63. Kg2 h5 64. Bf2 Ra2 65. Rb5 g4 66. fxg4 hxg4 67. e5 f5 68. e6 Kf6 69.
e7 Re2 70. Rb7 Ra2 71. a6 Kf7 72. a7 Ke8 73. Rb8+ Kxe7 74. a8=Q Rd2 75. Qb7+ Rd7 76.
Qb4+ Kf7 77. Qf8+ Kg6 78. Rb6+ Kh7 79. Rh6# 1-0

[Event "*** Titled Tuesday Blitz"]
[Site "Chess.com"]
[Date "2021.03.09"]
[Round "5"]
[White "Ladislav1969"]
[Black "arminmusovic"]
[Result "0-1"]
[WhiteElo "2329"]
[BlackElo "2508"]
[TimeControl "180+1"]
[EndTime "11:01:03 PST"]
[Termination "arminmusovic won on time"]

1. e4 c6 2. d4 d5 3. e5 c5 4. dxc5 Nc6 5. Be3 Nh6 6. Bd4 Bf5 7. c3 e6 8. Nf3 Be7 9. Bb5 Rc8 10. O-O O-O 11.
Bxc6 Rxc6 12. b4 Rc8 13. Nbd2 f6 14. Re1 Bg4 15. h3 Bxf3 16. Nxf3 f5 17. a4 g5 18. Qd2 Kh8 19. Rac1 Rg8 20. c4 Rg6 21. cxd5 Qxd5 22. Be3 Qb3 23. Qd7 Rcg8 24. Qxe7 f4 25. Bd4 R8g7 26.
Qf8+ Rg8 27. Qd6 Nf5 28. Qd7 g4 29. hxg4 Rxg4 30. Rc3 Rxg2+ 31. Kf1 Qxb4 32. Qxe6 Nxd4 33. Rc4 Qxc4+ 34. Qxc4 Nxf3 35. Qxf4 Rg1+ 36. Ke2 Nxe1 37. Qf6+ R8g7 38. e6 Rg6 39. e7 Rxf6 40. e8=Q+ Rg8 41. Qe5 Rf8 42. Kxe1 Rf7 43. f4 a6 44. Kd2 Kg8 45.
Ke3 Rxf4 46. Qg5+ Kf8 47. Qd8+ Kg7 48. Qg5+ Kh8 49. Qd8+ Rf8 50. Qe7 R4f7 51. Qe5+ Kg8 52. Qg5+ Rg7 53. Qd5+ Kh8 54. c6 bxc6 55. Qxc6 Rg6 56. Qc3+ Rff6 57. Qc8+ Kg7 58. Qd7+ Kh6 59. Qh3+ Kg5 60. Qg3+ Kf5 61. Qf4+ Ke6 62. Qe4+ Kd6 63. Qd4+ Kc6 64. Qc4+ Kd7 65. Qd5+ Rd6 66. Qb7+ Ke6 67.
Qe4+ Kf6 68. Qf4+ Kg7 69. Qh4 Rge6+ 70. Kf3 Rd3+ 71. Kf2 Rd2+ 72. Kf3 Rd3+ 73. Kf2 Rde3 74. Qg5+ Kf7 75. Qh5+ Kg8 76. Qg5+ Kh8 77. Qd8+ Kg7 78.
Qd7+ Kg6 79. a5 R3e5 80. Qb7 Rf6+ 81. Kg3 Rg5+ 82. Kh4 Rf4+ 83. Kh3 Rf6 84. Qe4+ Kh6 85. Qe7 Rfg6 86. Qf8+ Rg7 87. Qf6+ Kh5 88. Qf3+ Rg4 89. Qf5+ Kh6 90. Qf6+ R7g6 91. Qf8+ Rg7 92. Qe7 Rg3+ 93.
Kh4 R3g4+ 0-1

[Event "*** Titled Tuesday Blitz"]
[Site "Chess.com"]
[Date "2021.03.09"]
[Round "5"]
[White "bylavochka"]
[Black "IMVoja"]
[Result "0-1"]
[WhiteElo "2213"]
[BlackElo "2415"]
[TimeControl "180+1"]
[EndTime "11:01:06 PST"]
[Termination "IMVoja won by resignation"]

1. e4 e6 2. d4 d5 3. Bd3 dxe4 4.
Bxe4 Nf6 5. Bf3 c5 6. Ne2 Nc6 7. Be3 cxd4 8. Nxd4 Bd7 9. O-O Be7 10. Nc3 O-O 11.
Nxc6 Bxc6 12. Bxc6 bxc6 13. Qf3 Nd5 14. Nxd5 cxd5 15.
Rfd1 Bf6 16. c4 Bxb2 17. Rab1 Bf6 18. cxd5 exd5 19. Rxd5 Qc7 20. Rbd1 Qc2 21. g3 Qxa2 22. Rd7 a5 23. Bd4 Bxd4 24. R1xd4 h6 25. R4d5 a4 26. Rc5 a3 27. Rcc7 Qb1+ 28. Kg2 Qg6 29. Rxf7 a2 30. Rxf8+ Rxf8 31. Qb3+ Kh8 32. Qxa2 Qe4+ 33. Kg1 Qe1+ 34. Kg2 Qe4+ 35. Kg1 Rd8 36. Rc1 Re8 37.
Qc2 Qe7 38. Kg2 Rf8 39. Rd1 Qf6 40. Qd2 Qf3+ 41. Kg1 Rf6 42. Re1 Rf8 43. Re3 Qf6 44. Qe2 Qa1+ 45. Kg2 Qa8+ 46. Kg1 Qb7 47. Re7 Qb1+ 48. Kg2 Qf5 49. Re5 Qf6 50. Re6 Qf7 51. Re7 Qd5+ 52. Kg1 Ra8 53. Qe1 Rf8 54. Re8 Qf7 55.
Rxf8+ Qxf8 56. Kg2 Qf6 57. f3 Qc6 58. Qe4 Qc3 59. Qe8+ Kh7 60. Qe4+ Kh8 61. Kh3 Qf6 62. Kg4 Qf7 63. h4 Qf6 64. Qf5 Qe7 65. Qc8+ Kh7 66. Qf5+ Kh8 67. Qe4 Qf6 68. Kh3 Qf8 69. g4 Qa3 70.
Kg3 Qa1 71. g5 Qg1+ 72. Kh3 Qh1+ 73. Kg4 Qg1+ 74. Kh5 hxg5 75. hxg5 Qh2+ 76. Kg6 Qh7+ 77. Kf7 Qg8+ 78. Kg6 Qh7+ 79. Kf7 Qg8+ 80. Ke7 Qb8 81.
Qh4+ Kg8 82. Qc4+ Kh8 83. Qh4+ Kg8 84. Qc4+ Kh8 85. Ke6 Qg8+ 86. Ke5 Qxc4 87. f4 Qd3 88. Ke6 Qd8 89. Ke5 Kg8 90. Ke4 Kf7 91. Ke5 g6 92. f5 gxf5 93. Kxf5 0-1